 Dungeon Crawl Stone Soup version 0.31-a0-702-gf82c85558f (webtiles) character file.

Game seed: 4782730823686881621

1176 qw the Skirmisher (level 8, 0/49 HPs)
             Began as a Gargoyle Hunter on Sept 7, 2023.
             Slain by an ogre
             ... wielding a +0 giant spiked club
              (19 damage)
             ... on level 5 of the Dungeon.
             The game lasted 00:01:25 (3490 turns).

qw the Skirmisher (Gargoyle Hunter)                 Turns: 3490, Time: 00:01:26

Health: 0/49       AC: 14    Str: 16    XL:     8   Next: 41%
Magic:  8/8        EV: 11    Int:  9    God:
Gold:   380        SH:  0    Dex: 15    Spells: 7/7 levels left

rFire   . . .        Y - +2 shortbow
rCold   . . .        (shield currently unavailable)
rNeg    + . .        f - +0 ring mail
rPois   inf          (no helmet)
rElec   +            e - +2 cloak
rCorr   .            (no gloves)
SInv    .            (no boots)
Will    .....        (no amulet)
Stlth   +            (no ring)
HPRegen 0.28/turn    (no ring)
MPRegen 0.11/turn

%: no passive effects
@: no status effects
A: sickness immunity, AC +5, negative energy resistance 1, electricity
resistance, torment resistance 1, petrification resistance
a: no special abilities


You were on level 5 of the Dungeon.
You visited 1 branch of the dungeon, and saw 5 of its levels.

You collected 380 gold pieces.


Innate Abilities, Weirdness & Mutations

You are immune to sickness and miasma.
Your stone body is resilient. (AC +5)
You are immune to poison.
You resist negative energy. (rN+)
You are resistant to electric shocks. (rElec)
You are resistant to unholy torment.
You are immune to petrification.


   Skills:
 + Level 5.1 Fighting
 - Level 9.1 Ranged Weapons
 - Level 3.0 Armour
 - Level 2.0 Dodging
 - Level 1.1 Stealth


You had 7 spell levels left.
You didn't know any spells.
Your spell library was empty.

Inventory:

Hand Weapons
 Y - a +2 shortbow (weapon)
Armour
 e - a +2 cloak (worn)
 f - a +0 ring mail (worn)
Scrolls
 a - a scroll of fog {unknown}
 c - a scroll of identify
 j - a scroll of enchant armour
Potions
 b - a potion of mutation
 d - a potion of enlightenment
 g - a potion of haste
 h - a potion of cancellation

Dungeon Overview and Level Annotations

Branches:
Dungeon (5/15)
 Temple: D:4-7

Altars:
Dithmenos
Hepliaklqana
Kikubaaqudgha
Vehumet
Xom
The Shining One

Shops:
D:2 (


Message History

Prince Ribbit asks, "Just a little smooch?"
Prince Ribbit hops awkwardly around.
You shoot an arrow. The arrow hits Prince Ribbit.
You kill Prince Ribbit!
Prince Ribbit returns to his original shape as he dies.
Your Ranged Weapons skill increases to level 9!
Found a stone staircase leading down.
An ufetubus comes into view.
The ufetubus shouts!
You shoot an arrow. The arrow misses the ufetubus.
You shoot an arrow. The arrow hits the ufetubus!
You kill the ufetubus!
You open the door.
Found a radiant altar of Vehumet.
There is an open door here.
There is a radiant altar of Vehumet here.
You open the door.
There is an open door here.
a - a scroll labelled WAEG VOUPN
Enter note:
Enter note: You now have 380 gold pieces (gained 11).
You open the door.
There is an open door here. 2 orcs and an ogre come into view.
The orc shouts! x2
A jelly comes into view.
You shoot an arrow. The jelly quivers.
The arrow hits the ogre.
The ogre is lightly wounded.
The ogre hits you with a +0 giant spiked club!!
Ouch! That really hurt!
You shoot an arrow. The arrow hits the ogre.
The ogre is moderately wounded.
You shoot an arrow. The arrow barely misses the ogre.
The ogre hits you with a +0 giant spiked club.
You shoot an arrow. The arrow closely misses the ogre.
The ogre hits you with a +0 giant spiked club!!
You die...

.......# #...####......##...#
.#.....## #.##...##......####...
.))).....# ..#...#......## #...
.).....#.# #.##........## ##..
.........# ##J.#.......## #..
.......#.# ...##.....## ##.
[......#.## ##.o#....## #.
.###...#..# #..O##..## ##
.###..(#..# #o@'.## +
.......#..#######################
.......#......%...............>..
.........>#.......#....#.#.....#.
..........#.......#....#.#.......
..........#...%...#....#.........
####.##...#.......#....#...#.....
...#.##...#.......#....#...#.....
##.#.##...#.......#....#.#.#.....


You could see an ogre, a jelly and 2 orcs.

Vanquished Creatures
  Prince Ribbit (D:5)
  Sigmund (D:3)
  2 black bears
  A bullfrog (D:4)
  2 scorpions (D:5)
  2 orc priests (D:5)
  3 hounds (D:4)
  3 orc wizards
  3 gnolls (D:5)
  10 adders
  A shadow imp (D:5)
  3 ufetubi
  4 dart slugs
  10 orcs
  3 ball pythons
  8 endoplasms
  3 giant cockroaches
  7 goblins
  5 hobgoblins
  7 jackals
  8 kobolds
  3 quokkas
  A bat (D:2)
  3 frilled lizards
  4 rats
98 creatures vanquished.

Notes
Turn   | Place    | Note
-------+----------+-------------------------------------------
     0 | D:1      | qw the Gargoyle Hunter began the quest for the Orb.
     0 | D:1      | Reached XP level 1. HP: 12/12 MP: 1/1
     0 | D:1      | 0 ||| qw: Version: 0.3-a-76-g4403597
     0 | D:1      | 0 ||| qw: Game counter: 915
     0 | D:1      | 0 ||| qw: Melee chars always use a shield: true
     0 | D:1      | 0 ||| qw: God list: Okawaru
     0 | D:1      | 0 ||| qw: Allow faded altars: false
     0 | D:1      | 0 ||| qw: Do Orc after clearing Dungeon:15 true
     0 | D:1      | 0 ||| qw: Do second Lair branch before Depths: true
     0 | D:1      | 0 ||| qw: Lair rune preference: random
     0 | D:1      | 0 ||| qw: Goals: Normal
     0 | D:1      | 0 ||| PLANNING D:1-11
   164 | D:1      | Reached XP level 2. HP: 11/17 MP: 2/2
   309 | D:1      | Found a faded altar of an unknown god.
   659 | D:1      | 659 ||| READING scroll labelled BETIB UCSOUNU.
   660 | D:1      | 660 ||| READING scroll labelled DAUFA SEIQU.
   661 | D:1      | 661 ||| DROPPING scroll of butterflies.
   711 | D:2      | Reached XP level 3. HP: 18/21 MP: 3/3
   741 | D:2      | Reached skill level 5 in Ranged Weapons
   866 | D:2      | Found an ancient bone altar of Kikubaaqudgha.
   868 | D:2      | Reached skill level 3 in Fighting
   895 | D:2      | Reached XP level 4. HP: 28/28 MP: 4/4
  1047 | D:2      | Found Binadyhe's Antique Weapon Emporium.
  1051 | D:2      | 1051 ||| SHOPLISTING crude sling (201 gold, have 116).
  1173 | D:2      | 1173 ||| UPGRADING to +0 ring mail.
  1183 | D:2      | 1183 ||| DROPPING +0 leather armour.
  1184 | D:2      | 1184 ||| READING scroll labelled FOANIE SAK RIA.
  1185 | D:2      | 1185 ||| READING scroll labelled FIXKOD EHEFIEWK.
  1186 | D:2      | 1186 ||| READING scroll labelled DUL NOHEXOSECS.
  1189 | D:2      | 1189 ||| READING scroll labelled WOROOH QEILEWNOBIE.
  1190 | D:2      | 1190 ||| READING scroll labelled UTUBENOSTRI.
  1210 | D:2      | 1210 ||| READING scroll labelled CEUHAI VEUGRU.
  1238 | D:3      | 1238 ||| READING scroll of enchant weapon.
  1238 | D:3      | 1238 ||| ENCHANTING +1 shortbow.
  1257 | D:3      | Reached skill level 1 in Armour
  1262 | D:3      | Noticed Sigmund
  1275 | D:3      | HP: 3/28 [something (9)]
  1278 | D:3      | Killed Sigmund
  1279 | D:3      | Reached skill level 6 in Ranged Weapons
  1279 | D:3      | Reached XP level 5. HP: 5/32 MP: 5/5
  1279 | D:3      | Reached XP level 6. HP: 6/37 MP: 6/6
  1482 | D:3      | Found a glowing golden altar of the Shining One.
  1960 | D:3      | Found a shimmering altar of Xom.
  1961 | D:3      | Found a hazy altar of Hepliaklqana.
  1962 | D:3      | Noticed a spectral ugly thing
  2203 | D:4      | Found a shadowy altar of Dithmenos.
  2230 | D:4      | Reached skill level 7 in Ranged Weapons
  2279 | D:4      | 2279 ||| Stepping ~*~*~tactically~*~*~ (outnumbered).
  2411 | D:4      | Identified the +2 trident "Pukhlan" {drain, *Rage +Blink
                  | rCorr Stlth+}
  2558 | D:4      | Noticed a black bear
  2566 | D:4      | Killed a black bear
  2567 | D:4      | Reached XP level 7. HP: 43/43 MP: 7/7
  2754 | D:4      | Reached skill level 8 in Ranged Weapons
  2773 | D:4      | 2773 ||| UPGRADING to +1 cloak.
  2778 | D:4      | 2778 ||| READING 2 scrolls of enchant armour.
  2778 | D:4      | 2778 ||| ENCHANTING +1 cloak.
  2779 | D:4      | 2779 ||| READING scroll labelled LEPAJI ROUBB.
  2780 | D:4      | 2780 ||| DRINKING 4 viscous silvery potions.
  2781 | D:4      | 2781 ||| DRINKING 2 silvery potions.
  2782 | D:4      | 2782 ||| READING 2 scrolls of identify.
  2782 | D:4      | 2782 ||| IDENTIFYING pink potion
  2783 | D:4      | 2783 ||| DROPPING 3 potions of attraction.
  2799 | D:5      | Entered Level 5 of the Dungeon
  2999 | D:5      | 2999 ||| RETREATING.
  3003 | D:5      | 3003 ||| Stepping ~*~*~tactically~*~*~ (retreating).
  3004 | D:5      | 3004 ||| Stepping ~*~*~tactically~*~*~ (retreating).
  3005 | D:5      | 3005 ||| Stepping ~*~*~tactically~*~*~ (retreating).
  3006 | D:5      | 3006 ||| Stepping ~*~*~tactically~*~*~ (retreating).
  3007 | D:5      | 3007 ||| Stepping ~*~*~tactically~*~*~ (retreating).
  3018 | D:5      | Reached skill level 3 in Armour
  3018 | D:5      | Reached XP level 8. HP: 45/49 MP: 8/8
  3122 | D:5      | 3122 ||| FLEEEEING.
  3123 | D:5      | 3123 ||| FLEEEEING.
  3124 | D:5      | 3124 ||| FLEEEEING.
  3125 | D:5      | 3125 ||| FLEEEEING.
  3126 | D:5      | 3126 ||| FLEEEEING.
  3127 | D:5      | 3127 ||| FLEEEEING.
  3334 | D:5      | 3334 ||| DROPPING scarf of invisibility.
  3335 | D:5      | 3335 ||| READING 3 scrolls of identify.
  3335 | D:5      | 3335 ||| IDENTIFYING glowing green potion
  3336 | D:5      | 3336 ||| READING 2 scrolls of identify.
  3336 | D:5      | 3336 ||| IDENTIFYING brown potion
  3340 | D:5      | 3340 ||| STAIRDANCE
  3376 | D:5      | Noticed Prince Ribbit
  3386 | D:5      | Killed Prince Ribbit
  3387 | D:5      | Reached skill level 9 in Ranged Weapons
  3424 | D:5      | Found a radiant altar of Vehumet.
  3490 | D:5      | Slain by an ogre

Levels and vault maps discovered:
D:1:      minmay_arrival_doors, layout_loops_ring,
          dilly_ecumenical_altar_fadedgnrine, minmay_hedge_maze
D:2:      cheibrodos_helix_gallery, layout_rooms, basic_altar, serial_shops,
          nicolae_shop_back_alley_shop, nicolae_twisty_statue_hallways
D:3:      layout_basic, regret_index_temple_of_mockery,
          mainiacjoe_overflow_surrounded_room, uniq_sigmund
D:4:      cheibrodos_old_hovel, layout_rooms, nicolae_overflow_hidden_temple,
          kennysheep_cross_room
D:5:      minmay_razor_zed, layout_basic, lemuel_doored_altar,
          uniq_prince_ribbit1

Skill      XL: |  1  2  3  4  5  6  7  8 |
---------------+-------------------------+-----
Ranged Weapons | 5 6 7 8 9 |  9.1
Fighting       | 3 4 5 |  5.1
Armour         | 1 3 |  3.0
Dodging        | 2 |  2.0
Stealth        | |  1.1

Action                     |  1- 3 |  4- 6 |  7- 9 || total
---------------------------+-------+-------+-------++-------
   Fire: Shortbow          |    89 |   115 |   131 ||   335
    Use: Scroll            |     2 |     7 |     5 ||    14
         Potion            |       |       |     2 ||     2
 Armour: Leather armour    |    24 |       |       ||    24
         Ring mail         |       |    45 |    57 ||   102
  Dodge: Dodged            |    20 |    23 |    29 ||    72

Table legend:
 A = Non-vault XP
 B = Vault XP
 C = Vault XP percentage of total XP
 D = Non-vault monster count
 E = Vault monster count
 F = Vault count percentage of total count
                 A         B        C        D         E       F
            +---------+---------+-------+---------+---------+-------
      Total |     988 |     693 |  41.2 |      89 |       9 |   9.2
            +---------+---------+-------+---------+---------+-------
        D:1 |      23 |       0 |   0.0 |      11 |       0 |   0.0
        D:2 |      82 |       4 |   4.7 |      20 |       2 |   9.1
        D:3 |      52 |     223 |  81.1 |      17 |       1 |   5.6
        D:4 |     461 |       4 |   0.9 |      25 |       1 |   3.8
        D:5 |     370 |     462 |  55.5 |      16 |       5 |  23.8
            +---------+---------+-------+---------+---------+-------
